cohdb
Replays
Latest Replays
All Replays
Popular Replays
Top Player Replays
Match Explorer
How It Works
Community
CoH3 Stats
Reddit
Sign in to upload your games and track your stats! →
Sign in with Steam
Match 27665324
Unlisted
Match 27665324
Overview
Messages
Build Orders
End
Construct Barracks
Riflemen Squad
Riflemen Squad
Riflemen Squad
Infantry Support Center
Construct Motor Pool
M8 Greyhound Armored Car
M1 Anti-tank Gun Team
Grenade Package
Construct Medical Station
M1918 Browning Automatic Rifles
Engineer Squad
M1 Anti-tank Gun Team
Advanced Logistics
Riflemen Squad
Elegant_Downfall
^3
0
0
Comments
sign in to comment!
No comments posted yet!